Cogmind - Beta 12 @@@ ROGUE MODE // 2023.12.09 @ 19:00:31 Player: puppit Result: Destroyed by P-70 Sage with Tesla Rifle Performance ------------- Evolutions (5) 2500 Regions Visited (11) 2200 Robots Destroyed (55) 275 Value Destroyed (2345) 2345 Prototype IDs (41) 820 Alien Tech Used (0) 0 Bonus (1261) 1261 TOTAL SCORE: 9401 Bonus ------- High Alert Combat Kills 43 Follower Combat Kills 33 Entered Garrisons 400 Used RIF Installer 500 Aligned with FarCom 300 Friendly Fire -15 Cogmind --------- Core Integrity 0/1000 Matter 4/300 Energy 95/100 System Corruption 14% Temperature Cool (2) Movement Hovering (70) Location -5/Factory Parts ------- > --- POWER (2) -------- (None) > --- PROPULSION (3) --- Gyrokinetic Inverter > --- UTILITY (9) ------ Enhanced Optical Array Enhanced Optical Array Enhanced Optical Array Advanced Targeting Computer Target Analyzer Hacking Suite Improved System Shield Recalibrator > --- WEAPON (3) ------- (None) > --- INVENTORY (5) ---- Micro Fission Core Experimental Sensor Array Recalibrator Remote Datajack Peak State ------------ > --- POWER ------------ Neutrino Core > --- PROPULSION ------- Cooled Gravmag System Cooled Cesium-ion Thruster > --- UTILITY ---------- Enhanced Optical Array Enhanced Optical Array Enhanced Optical Array Enhanced Optical Array Advanced Targeting Computer Target Analyzer Cloaking Device Hacking Suite Relay Coupler [Sentry] > --- WEAPON ----------- Remote Datajack > --- INVENTORY -------- Experimental Sensor Array Cloaking Device Relay Coupler [Demolisher] Improved Proton Missile Launcher [Rating: 63] Favorites ----------- Power Light Nuclear Core Engine Light Deuterium Engine Power Core Light Nuclear Core Propulsion Combat Airjet Treads Improved Medium Treads Leg Flexi-carbon Leg Wheel Wheel Hover Unit Combat Airjet Flight Unit Flight Unit Utility Advanced Targeting Computer Device Cryofiber Web Storage Compact Battery Processor Advanced Targeting Computer Hackware Hacking Suite Protection Utility Shielding Weapon EM Pulse Cannon Energy Gun Precision Beam Rifle Energy Cannon EM Pulse Cannon Ballistic Gun Light Assault Rifle Ballistic Cannon Antimatter Cannon Launcher Grenade Launcher Special Weapon Remote Datajack Build | -11 -10 -10 -10 -9 -8 -8 -8 -7 -7 -6 -5 ------- Run | Jun Mat Min Exi Min Mat Gar Mat Fac Gar Fac Fac Slots Evolved 10 | . . . . . 4 . . 2 . 2 2 Power 1 | . . . . . 1 . . . . . . Propulsion 1 | . . . . . . . . . . . 1 Utility 7 | . . . . . 3 . . 2 . 2 . Weapon 1 | . . . . . . . . . . . 1 Parts Attached 149 | 6 15 3 . 4 29 10 6 13 5 17 41 Power 20 | 2 2 . . 1 5 5 . 3 . . 2 Engine 13 | 2 1 . . . 2 5 . 3 . . . Core 7 | . 1 . . 1 3 . . . . . 2 Reactor . | . . . . . . . . . . . . Propulsion 29 | 2 4 . . 2 3 1 . 1 2 4 10 Treads 3 | . . . . . . . . . . . 3 Leg 3 | . . . . . . . . . . 3 . Wheel 2 | 2 . . . . . . . . . . . Hover 14 | . 2 . . 2 3 1 . 1 . . 5 Flight 7 | . 2 . . . . . . . 2 1 2 Utility 63 | . 6 . . 1 16 2 2 5 2 8 21 Device 30 | . 5 . . 1 9 1 1 1 . 4 8 Storage 1 | . . . . . 1 . . . . . . Processor 16 | . . . . . 4 . . 3 . 2 7 Hackware 12 | . . . . . 1 1 1 1 2 1 5 Protection 4 | . 1 . . . 1 . . . . 1 1 Artifact . | . . . . . . . . . . . . Weapon 37 | 2 3 3 . . 5 2 4 4 1 5 8 Energy Gun 15 | . 1 3 . . 2 1 1 3 . 3 1 Energy Cannon 5 | . . . . . 3 . . 1 . . 1 Ballistic Gun 4 | 2 . . . . . 1 1 . . . . Ballistic Cannon 1 | . . . . . . . . . . 1 . Launcher 4 | . 2 . . . . . . . . . 2 Special Weapon 8 | . . . . . . . 2 . 1 1 4 Impact Weapon . | . . . . . . . . . . . . Slashing Weapon . | . . . . . . . . . . . . Piercing Weapon . | . . . . . . . . . . . . Special Melee Weapon . | . . . . . . . . . . . . Unidentified Prototypes 7 | . . . . . 1 . . 2 . 3 1 Parts Lost 42 | . 2 . . 7 2 4 . . 5 10 12 Power 7 | . 1 . . 2 1 2 . . 1 . . Propulsion 9 | . 1 . . 2 . . . . 1 1 4 Utility 16 | . . . . 1 1 . . . 2 6 6 Weapon 10 | . . . . 2 . 2 . . 1 3 2 Highest Loss Streak 7 | . 1 . . 7 1 3 . . 5 5 5 To Critical Strikes . | . . . . . . . . . . . . Average Slot Usage (%) 80 | . 78 98 100 91 89 98 97 97 92 60 41 Engine 5 | . 7 . . . 6 10 18 14 13 . . Core 4 | . 3 14 14 11 5 7 . . . . . Hover 13 | . 5 28 28 24 17 17 18 14 13 . 3 Flight 1 | . 19 . . . . . . . 1 . 1 Device 12 | . 14 28 28 28 15 15 9 15 9 5 2 Processor 16 | . . . . . 19 19 18 22 17 23 21 Hackware 7 | . . . . . 4 10 17 13 23 13 6 Protection 1 | . 7 . . . 2 . . . . 2 . Energy Gun 7 | . 7 25 28 24 6 9 7 11 . 4 . Energy Cannon 3 | . . . . . 9 6 . . 6 . . Naked Turns . | . . . . . . . . . . . . Heaviest Build 22 | 8 10 12 12 12 22 22 17 21 22 19 15 Greatest Support 90 | 20 20 12 12 24 30 24 21 21 21 40 90 Greatest Overweight (x) 4 | . 1 . . 1 1 . . . 1 2 4 Average Overweight (x) . | . . . . . . . . . . . . Largest Inventory Capacity 5 | 5 5 5 5 5 5 5 5 5 5 5 5 Average Capacity 5 | 5 5 5 5 5 5 5 5 5 5 5 5 Most Carried 5 | 1 5 5 5 5 5 5 5 5 5 5 5 Average Carried 4 | . 3 4 5 4 4 4 4 4 4 4 4 Final Capacity 5 | 5 5 5 5 5 5 5 5 5 5 5 5 Final Carried 5 | 1 4 5 5 4 4 5 4 5 5 5 4 Class Distribution -------------------- 55% | Mutant 16% | Scavenger-Mutant 8% | Scout 6% | Hacker-Mutant 4% | Scavenger-Scout Dominant Class ---------------- Mutant | -10/Materials Scavenger-Mutant | -10/Mines Scavenger-Mutant | -10/Exiles Scavenger-Scout | -9/Mines Mutant | -8/Materials Mutant | -8/Garrison Scavenger-Mutant | -8/Materials Scavenger-Scout | -7/Factory Bothacker-Mutant | -7/Garrison Hacker-Mutant | -6/Factory Mutant | -5/Factory Resources | -11 -10 -10 -10 -9 -8 -8 -8 -7 -7 -6 -5 ----------- Run | Jun Mat Min Exi Min Mat Gar Mat Fac Gar Fac Fac Matter Collected 1452 | 250 250 50 . 10 295 103 81 59 52 . 302 Remotely . | . . . . . . . . . . . . Salvage Created 1887 | 37 188 64 . . 520 771 37 118 52 . 100 Parts 112 | 2 9 4 . . 29 51 . 5 3 . 9 Haulers Intercepted . | . . . . . . . . . . . . Recyclers Shooed . | . . . . . . . . . . . . Parts Field Recycled . | . . . . . . . . . . . . Retrieved Matter . | . . . . . . . . . . . . Parts Self-Destructed . | . . . . . . . . . . . . Prevented . | . . . . . . . . . . . . Kills | -11 -10 -10 -10 -9 -8 -8 -8 -7 -7 -6 -5 ------- Run | Jun Mat Min Exi Min Mat Gar Mat Fac Gar Fac Fac Combat Hostiles Destroyed 42 | 1 5 4 . . 7 21 . 2 1 . 1 Guns 23 | 1 3 1 . . 4 12 . 2 . . . Cannons 12 | . . . . . 2 9 . . 1 . . AOE 6 | . 2 3 . . . . . . . . 1 Classes Destroyed 10 | 1 2 2 . . 2 1 . . 1 . 1 Worker 3 | . . . . . 1 . 1 . . . 1 Builder 1 | . . . . . . . . . . . 1 Tunneler 1 | . . . . . 1 . . . . . . Operator 2 | . 1 . . . 1 . . . . . . Watcher 6 | . 1 . . . 4 . 1 . . . . Swarmer 12 | . . 3 . . . 9 . . . . . Grunt 20 | 1 5 . . . 6 6 . 2 . . . Brawler 1 | . . . . . . 1 . . . . . Sentry 7 | . . 1 . . 1 5 . . . . . Hunter 2 | . . . . . . . . . 1 . 1 Best Kill Streak 3 | 1 2 3 . . 3 3 1 2 1 . 1 Combat Bots Only 3 | 1 2 3 . . 3 3 . 2 1 . 1 Max Kills in Single Turn 2 | 1 1 2 . . 2 1 1 1 1 . 1 Gunslinging . | . . . . . . . . . . . . Exploded 2 | . 1 2 . . . . . . . . 1 Melee . | . . . . . . . . . . . . Uniques/NPCs Destroyed . | . . . . . . . . . . . . Combat | -11 -10 -10 -10 -9 -8 -8 -8 -7 -7 -6 -5 -------- Run | Jun Mat Min Exi Min Mat Gar Mat Fac Gar Fac Fac Damage Taken 5091 | 89 132 45 . 365 305 514 48 123 584 1259 1627 Core 2114 | 22 44 24 . 95 72 86 . 36 199 518 1018 Absorbed by Shields 32 | . . . . . . . . . 32 . . Redirected to Shielding 10 | . 10 . . . . . . . . . . Regen/Repaired (Parts) 244 | . . . . . 133 . 39 72 . . . Core Remaining (%) 58 | 91 . . . 26 . . 71 . 66 39 . Volleys Fired 195 | 6 36 5 . . 46 37 30 14 10 2 9 Largest 2 | 2 2 2 . . 2 2 1 2 1 2 2 Hottest 126 | 40 65 105 . . 124 124 65 126 68 120 85 Shots Fired 267 | 12 45 8 . . 60 66 30 23 10 3 10 Gun 179 | 12 41 6 . . 38 44 17 18 . 2 1 Cannon 52 | . . . . . 22 22 . . 8 . . Launcher 8 | . 4 2 . . . . . . . . 2 Special 28 | . . . . . . . 13 5 2 1 7 Kinetic 38 | 12 18 . . . . 8 . . . . . Thermal 149 | . 23 3 . . 38 36 17 18 8 1 5 Explosive 6 | . 4 2 . . . . . . . . . Electromagnetic 52 | . . 3 . . 22 22 . . . 2 3 Robot Hit Streak 18 | 4 4 3 . . 15 18 3 8 6 8 10 Robot Miss Streak 3 | 2 3 1 . . 2 2 3 1 1 . 1 Penetration Max . | . . . . . . . . . . . . Secondary Targets 2 | . . . . . . 2 . . . . . Max Gunslinging Chain 1 | . . . . . . 1 . . . . . Shots Hit Robots 182 | 7 23 6 . . 48 47 17 20 7 2 5 Core Hits 101 | 2 15 5 . . 24 28 4 4 2 2 15 Critical Kills . | . . . . . . . . . . . . Critical Parts Destroyed . | . . . . . . . . . . . . Critical Strikes 11 | . . . . . 5 4 1 . . . 1 Burn 9 | . . . . . 5 3 1 . . . . Corrupt 1 | . . . . . . 1 . . . . . Sever 1 | . . . . . . . . . . . 1 Melee Attacks . | . . . . . . . . . . . . Impact . | . . . . . . . . . . . . Slashing . | . . . . . . . . . . . . Piercing . | . . . . . . . . . . . . Sneak Attacks . | . . . . . . . . . . . . Combat Hostiles . | . . . . . . . . . . . . Follow-up Attacks . | . . . . . . . . . . . . Damage Inflicted 3632 | 67 510 188 . . 1097 961 157 272 102 17 261 Guns 2092 | 67 327 72 . . 611 571 157 272 . 10 5 Cannons 896 | . . . . . 404 390 . . 102 . . Explosions 540 | . 183 116 . . 82 . . . . . 159 Melee . | . . . . . . . . . . . . Ramming 79 | . . . . . . . . . . 7 72 Kinetic 175 | 67 84 . . . . 24 . . . . . Thermal 2195 | . 243 50 . . 693 547 157 272 102 . 131 Explosive 299 | . 183 116 . . . . . . . . . Electromagnetic 884 | . . 22 . . 404 390 . . . 10 58 Impact . | . . . . . . . . . . . . Slashing . | . . . . . . . . . . . . Piercing . | . . . . . . . . . . . . Highest Corruption 13 | . . . . . . . . . . 10 13 Average Corruption 4 | . . . . . . . . . . 7 4 Corruption Purged . | . . . . . . . . . . . . Corruption Blocked . | . . . . . . . . . . . . Effects 20 | . . . . . . . . . . 6 14 Message Errors 5 | . . . . . . . . . . 1 4 Matter Fused 7 | . . . . . . . . . . 4 3 Heat Flow Errors 3 | . . . . . . . . . . . 3 Data Loss (minor) 3 | . . . . . . . . . . 1 2 Data Loss (major) 2 | . . . . . . . . . . . 2 Overload Shots . | . . . . . . . . . . . . Overflow Damage 34 | . . . . . 31 3 . . . . . Projectiles 26 | . . . . . 23 3 . . . . . Explosions 8 | . . . . . 8 . . . . . . Melee . | . . . . . . . . . . . . Knockbacks . | . . . . . . . . . . . . Impact . | . . . . . . . . . . . . Kinetic . | . . . . . . . . . . . . Secondary . | . . . . . . . . . . . . Self-Inflicted Damage 111 | . . . . . . . . . . 3 108 Shots 4 | . . . . . . . . . . . 4 Rammed 24 | . . . . . . . . . . 1 23 Targets Rammed 24 | . . . . . . . . . . 1 23 Kicked . | . . . . . . . . . . . . Crushed . | . . . . . . . . . . . . Highest Temperature 473 | 12 44 168 . . 443 245 30 473 56 24 171 Average Temperature 113 | 7 12 83 . . 131 102 14 257 26 16 84 Received Heat Transfer 987 | 48 75 9 . . 198 162 . 108 . 156 231 Effects 3 | . . . . . 1 . . 2 . . . Energy Bleed 1 | . . . . . 1 . . . . . . Interference 1 | . . . . . . . . 1 . . . Short Circuit 1 | . . . . . . . . 1 . . . Siege Activations . | . . . . . . . . . . . . Robots Corrupted 1 | . . . . . 1 . . . . . . Combat Hostiles 1 | . . . . . 1 . . . . . . Parts Fried 5 | . . . . . 4 1 . . . . . Impact Corruptions . | . . . . . . . . . . . . Robots Melted . | . . . . . . . . . . . . Combat Hostiles . | . . . . . . . . . . . . Parts Melted 8 | . . . . . 5 2 1 . . . . Heat Transferred 5195 | . 592 111 . . 1815 1332 444 592 185 . 124 Parts Sabotaged . | . . . . . . . . . . . . Parts Stolen . | . . . . . . . . . . . . Parts Stripped . | . . . . . . . . . . . . Power Chain Reactions 3 | . . . . . 2 . . . . . 1 Missiles Intercepted . | . . . . . . . . . . . . Alert | -11 -10 -10 -10 -9 -8 -8 -8 -7 -7 -6 -5 ------- Run | Jun Mat Min Exi Min Mat Gar Mat Fac Gar Fac Fac Peak Influence 608 | 20 266 157 . . 157 582 443 243 280 138 608 Initial 283 | . 13 37 . . . 39 283 178 170 123 32 Average 159 | 2 97 137 . . 49 295 349 211 210 110 159 Maximum Alert Level 2 | . 1 . . . . 2 2 1 1 . 2 Low Security (%) 69 | 100 94 100 . 100 100 25 . 49 36 100 72 Level 1 21 | . 5 . . . . 46 80 50 63 . 16 Level 2 8 | . . . . . . 27 19 . . . 10 Level 3 . | . . . . . . . . . . . . Level 4 . | . . . . . . . . . . . . Level 5 . | . . . . . . . . . . . . High Security . | . . . . . . . . . . . . Max Security . | . . . . . . . . . . . . Squads Dispatched 30 | . 4 . . . 5 . . 1 . 3 17 Investigation 18 | . 3 . . . 2 . . 1 . 2 10 Extermination 1 | . . . . . . . . . . . 1 Reinforcement 8 | . 1 . . . 3 . . . . 1 3 Assault . | . . . . . . . . . . . . Garrison 3 | . . . . . . . . . . . 3 Intercept . | . . . . . . . . . . . . Searches Triggered 1 | . . . . . . . . . . . 1 Construction Impeded . | . . . . . . . . . . . . Haulers Reinforced . | . . . . . . . . . . . . Active Scanning Responses . | . . . . . . . . . . . . Cargo Convoy Interrupts . | . . . . . . . . . . . . Stealth | -11 -10 -10 -10 -9 -8 -8 -8 -7 -7 -6 -5 --------- Run | Jun Mat Min Exi Min Mat Gar Mat Fac Gar Fac Fac Distress Signals 4 | . . . . . . . . . . 1 3 Communications Jammed . | . . . . . . . . . . . . Distress Signals . | . . . . . . . . . . . . Times Spotted 159 | 1 11 5 . 11 18 18 8 5 13 11 58 Peak Tracking Total 16 | 1 2 3 . 11 3 4 3 2 12 10 16 Tactical Retreats 19 | . 1 . . . 1 . . 1 1 2 13 Traps | -11 -10 -10 -10 -9 -8 -8 -8 -7 -7 -6 -5 ------- Run | Jun Mat Min Exi Min Mat Gar Mat Fac Gar Fac Fac Traps Triggered 15 | . . . . . . 8 . 1 2 2 2 Indirectly . | . . . . . . . . . . . . Trap Hack Attempts . | . . . . . . . . . . . . Triggered . | . . . . . . . . . . . . Disarmed . | . . . . . . . . . . . . Reprogrammed . | . . . . . . . . . . . . Reused . | . . . . . . . . . . . . Traps Extracted . | . . . . . . . . . . . . Installed 2 | . . 1 . 1 . . . . . . . Triggered . | . . . . . . . . . . . . Most Traps Carried 3 | . . 3 3 2 . . . . . . . Machines | -11 -10 -10 -10 -9 -8 -8 -8 -7 -7 -6 -5 ---------- Run | Jun Mat Min Exi Min Mat Gar Mat Fac Gar Fac Fac Machines Disabled 13 | . 2 1 . . 1 2 4 . 1 . 2 Max in Single Turn 2 | . 2 1 . . 1 1 . . 1 . 1 Garrison Access 1 | . . . . . . . . . . . 1 Garrison Relay 3 | . . . . . . 2 . . 1 . . Machines Repaired . | . . . . . . . . . . . . Machines Sabotaged . | . . . . . . . . . . . . Overloaded Fab Kills . | . . . . . . . . . . . . Hacking | -11 -10 -10 -10 -9 -8 -8 -8 -7 -7 -6 -5 --------- Run | Jun Mat Min Exi Min Mat Gar Mat Fac Gar Fac Fac Machines Accessed 52 | . 8 . 5 . 10 3 4 3 . 2 17 Terminals 29 | . 7 . . . 6 3 2 . . 1 10 Fabricators 3 | . . . . . . . . . . . 3 Repair Stations 4 | . . . . . 2 . 1 1 . . . Recycling Units 3 | . 1 . . . . . . 1 . . 1 Scanalyzers 5 | . . . . . 1 . 1 . . 1 2 Garrison Access 3 | . . . . . 1 . . 1 . . 1 Total Hacks 194 | . 29 . 50 . 34 4 9 12 . 7 49 Successful 123 | . 11 . 50 . 19 2 5 8 . 6 22 Failed 71 | . 18 . . . 15 2 4 4 . 1 27 Catastrophic 15 | . 3 . . . 2 1 . . . . 9 Database Lockouts . | . . . . . . . . . . . . Manual 30 | . 4 . 1 . 4 2 2 . . . 17 Terminals 84 | . 26 . . . 17 4 5 . . 2 30 Fabricators 10 | . . . . . . . . . . . 10 Repair Stations 20 | . . . . . 11 . 2 7 . . . Recycling Units 7 | . 3 . . . . . . 3 . . 1 Scanalyzers 19 | . . . . . 5 . 2 . . 5 7 Garrison Access 4 | . . . . . 1 . . 2 . . 1 Terminal Hacks 79 | . 10 . 50 . 6 2 1 . . 1 9 Record 59 | . 5 . 49 . 1 . . . . . 4 Part Schematic 2 | . . . . . . . 1 . . . 1 Prototype ID Bank 6 | . 2 . . . 3 . . . . . 1 Open Door 1 | . . . . . . 1 . . . . . Open DSF 2 | . . . . . . . . . . 1 1 Branch Access Points 1 | . . . . . 1 . . . . . . Terminal Index 3 | . 1 . . . 1 . . . . . 1 Scanalyzer Index 1 | . . . . . . . . . . . 1 Registered Components 1 | . 1 . . . . . . . . . . Zone Layout 1 | . 1 . . . . . . . . . . Patrol Navigation 1 | . . . . . . 1 . . . . . EX-Prototype ID Bank 1 | . . . 1 . . . . . . . . Fabricator Hacks 6 | . . . . . . . . . . . 6 Load Schematic 3 | . . . . . . . . . . . 3 Build 3 | . . . . . . . . . . . 3 Repair Station Hacks 15 | . . . . . 8 . 2 5 . . . Scan Component 9 | . . . . . 5 . 1 3 . . . Repair 6 | . . . . . 3 . 1 2 . . . Recycling Unit Hacks 3 | . 1 . . . . . . 1 . . 1 Report Inventory 2 | . . . . . . . . 1 . . 1 Retrieve Components 1 | . 1 . . . . . . . . . . Scanalyzer 16 | . . . . . 4 . 2 . . 5 5 Insert Component 9 | . . . . . 3 . 1 . . 2 3 Analyze 7 | . . . . . 1 . 1 . . 3 2 Garrison Access Hacks 4 | . . . . . 1 . . 2 . . 1 Unlock Access 2 | . . . . . 1 . . 1 . . . Seal Access 1 | . . . . . . . . . . . 1 Coupler Status 1 | . . . . . . . . 1 . . . Unauthorized Hacks . | . . . . . . . . . . . . Terminals . | . . . . . . . . . . . . Fabricators . | . . . . . . . . . . . . Repair Stations . | . . . . . . . . . . . . Recycling Units . | . . . . . . . . . . . . Scanalyzers . | . . . . . . . . . . . . Garrison Access . | . . . . . . . . . . . . Data Cores Recovered . | . . . . . . . . . . . . Used . | . . . . . . . . . . . . Hacking Detections 42 | . 8 . . . 10 2 4 3 . 1 14 Full Trace Events 19 | . 7 . . . 2 . . . . 1 9 Feedback Events 3 | . . . . . . . . . . 1 2 Corruption 2 | . . . . . . . . . . 1 1 Hackware Fried 1 | . . . . . . . . . . . 1 Feedback Blocked . | . . . . . . . . . . . . Robot Schematics Acquired . | . . . . . . . . . . . . Robots Built . | . . . . . . . . . . . . Authchips . | . . . . . . . . . . . . Time . | . . . . . . . . . . . . Total Robot Build Rating . | . . . . . . . . . . . . Part Schematics Acquired 8 | . . . . . 1 . 2 . . 2 3 Parts Built 3 | . . . . . . . . . . . 3 Authchips . | . . . . . . . . . . . . Time 346 | . . . . . . . . . . . 346 Total Part Build Rating 14 | . . . . . . . . . . . 14 Parts Repaired 6 | . . . . . 3 . 1 2 . . . Time 250 | . . . . . 138 . 32 80 . . . Parts Recycled . | . . . . . . . . . . . . Recycled Matter . | . . . . . . . . . . . . Retrieved Matter . | . . . . . . . . . . . . Retrieved Components 5 | . 5 . . . . . . . . . . Parts Scanalyzed 8 | . . . . . 2 . 1 . . 2 3 Part Schematics Acquired 6 | . . . . . 1 . 1 . . 2 2 Parts Damaged . | . . . . . . . . . . . . Bothacking | -11 -10 -10 -10 -9 -8 -8 -8 -7 -7 -6 -5 ------------ Run | Jun Mat Min Exi Min Mat Gar Mat Fac Gar Fac Fac Used RIF Installer 1 | . . . . . . 1 . . . . . Robots Hacked 13 | . . . . . . . 7 2 2 . 2 Non-combat 6 | . . . . . . . 6 . . . . Combat 7 | . . . . . . . 1 2 2 . 2 Robot Hacks Applied 16 | . . . . . . . 8 4 2 . 2 no_distress 1 | . . . . . . . 1 . . . . generate_echo 1 | . . . . . . . 1 . . . . map_walls 1 | . . . . . . . 1 . . . . find_station 1 | . . . . . . . 1 . . . . link_fov 1 | . . . . . . . 1 . . . . overload_power 1 | . . . . . . . 1 . . . . wipe_record 1 | . . . . . . . . 1 . . . reboot_system 2 | . . . . . . . . 2 . . . go_dormant 1 | . . . . . . . . 1 . . . overwrite_iff 2 | . . . . . . . 1 . 1 . . streamctrl_high 1 | . . . . . . . . . . . 1 formatsys_high 3 | . . . . . . . 1 . 1 . 1 Relay Couplers Released 15 | . . . . . . 10 . . 5 . . Machine Destruction 12 | . . . . . . 7 . . 5 . . Programmers 3 | . . . . . . 3 . . . . . Attached 7 | . . . . . . 1 1 . 2 1 2 Fabnet Peak Effective % . | . . . . . . . . . . . . Robots Rewired 3 | . . . . . . 3 . . . . . Allies Hacked . | . . . . . . . . . . . . Hacks Repelled . | . . . . . . . . . . . . Allies | -11 -10 -10 -10 -9 -8 -8 -8 -7 -7 -6 -5 -------- Run | Jun Mat Min Exi Min Mat Gar Mat Fac Gar Fac Fac Total Allies 13 | . . 1 . 3 . 3 2 . 2 . 2 Largest Group 3 | . . 1 1 3 . 3 3 . 1 . 1 Highest-Rated Group 88 | . . 31 31 40 . 82 88 . 12 . 49 Highest-Rated Ally 49 | . . 31 31 16 . 31 31 . 12 . 49 Total Orders 9 | . . . . 2 . 5 1 . . . 1 STAY 2 | . . . . . . 2 . . . . . ROAM 1 | . . . . . . . 1 . . . . FOLLOW 4 | . . . . 1 . 3 . . . . . GUARD 1 | . . . . 1 . . . . . . . AID 1 | . . . . . . . . . . . 1 Ally Attacks 43 | . . . . 7 . 3 27 . 2 . 4 Total Damage 659 | . . . . 59 . 74 460 . 14 . 52 Kills 6 | . . . . . . 1 5 . . . . Allies Corrupted . | . . . . . . . . . . . . Allies Melted . | . . . . . . . . . . . . Intel | -11 -10 -10 -10 -9 -8 -8 -8 -7 -7 -6 -5 ------- Run | Jun Mat Min Exi Min Mat Gar Mat Fac Gar Fac Fac Robot Analysis Total . | . . . . . . . . . . . . Derelict Logs Recovered 2 | . . 2 . . . . . . . . . Drone Launches . | . . . . . . . . . . . . Drone Recoveries . | . . . . . . . . . . . . Exploration | -11 -10 -10 -10 -9 -8 -8 -8 -7 -7 -6 -5 ------------- Run | Jun Mat Min Exi Min Mat Gar Mat Fac Gar Fac Fac Turns Passed 6264 | 65 466 320 258 133 1328 1129 234 382 249 364 1336 Spaces Moved 6500 | 53 703 448 434 192 899 1029 197 320 276 322 1627 Core 854 | 15 . . . . . . . . . 102 737 Treads 22 | . . . . . . . . . . . 22 Legs 207 | . . . . . . . . . . 207 . Wheels 87 | 38 49 . . . . . . . . . . Hover 4159 | . 146 448 434 192 899 1029 197 320 237 . 257 Flight 1171 | . 508 . . . . . . . 39 13 611 Fastest Speed 29 | 50 37 56 56 56 77 66 66 66 29 35 32 Average Speed 64 | 71 44 56 56 61 78 76 66 66 61 95 55 Slowest Speed 250 | 80 120 56 56 120 150 77 66 66 131 150 250 Overloaded Moves 276 | . . . . . . . . . 35 . 241 Propulsion Burnouts 1 | . . . . . . . . . 1 . . Robots Hopped 18 | . . . . . . . . . . . 18 Cave-ins Triggered . | . . . . . . . . . . . . Exploration Rate (%) 45 | 6 84 87 92 43 62 59 18 8 27 11 44 Regions Visited 11 Branch Regions 3 Pre-discovered Areas 2 | . . 1 1 . . . . . . . . Known Exits Taken 3 | . . 1 . . 1 . . 1 . . . Unknown Exits Taken 6 | 1 1 . 1 1 . . 1 . . 1 . Scrap Searched 4 | . . 2 . 2 . . . . . . . Spaces Dug . | . . . . . . . . . . . . Terrain Destroyed 66 | . 31 16 . . 6 . . . . . 13 Melee . | . . . . . . . . . . . . Projectile . | . . . . . . . . . . . . AOE 66 | . 31 16 . . 6 . . . . . 13 Terrain Rammed . | . . . . . . . . . . . . Walls Destroyed . | . . . . . . . . . . . . Machines Disabled . | . . . . . . . . . . . . Actions | -11 -10 -10 -10 -9 -8 -8 -8 -7 -7 -6 -5 --------- Run | Jun Mat Min Exi Min Mat Gar Mat Fac Gar Fac Fac Total 8303 | 66 821 512 449 206 1462 1302 275 470 345 371 2024 Wait 1148 | . 38 36 14 5 457 101 42 98 23 23 311 Move 6455 | 52 702 447 433 191 899 1028 196 320 275 321 1591 Hop 18 | . . . . . . . . . . . 18 Pick Up 56 | 1 11 10 1 2 10 4 . 7 3 1 6 Fast Attach 92 | 5 6 2 . 4 18 6 1 6 3 14 27 Attach 31 | . 6 . . . 6 1 1 3 1 1 12 Detach 28 | . 6 . . . 5 1 . 2 1 . 13 Swap 27 | 1 3 1 . . 5 4 4 4 1 2 2 Drop 82 | 1 13 10 1 3 16 6 1 8 5 6 12 Fire 195 | 6 36 5 . . 46 37 30 14 10 2 9 Melee . | . . . . . . . . . . . . Ram 24 | . . . . . . . . . . 1 23 Kick . | . . . . . . . . . . . . Crush . | . . . . . . . . . . . . Escape Stasis 127 | . . . . . . 104 . . 23 . . Rewire 18 | . . . . . . 10 . 8 . . . Trap 2 | . . 1 . 1 . . . . . . . Miscellaneous . | . . . . . . . . . . . . Route ------- -11/Junkyard -10/Materials (discovered 4 exits: [*Mat x3] / [*Min]) -10/Mines (discovered 3 exits: [*Mat x2] / *Exi) -10/Exiles (discovered 2 exits: [*Min x2]) -9/Mines -8/Materials (discovered 3 exits: *Fac x2 / Gar) -8/Garrison (discovered 3 exits: *Mat x3) -8/Materials -7/Factory -7/Garrison -6/Factory -5/Factory (discovered 2 exits: [*Fac] / [*Upp]) History --------- Turn | Location | Event 2 | -11/Junkyard | Met Revision 17 36 | -11/Junkyard | Discovered new exit (range 8) 66 | -11/Junkyard | Entered Materials 238 | -10/Materials | Discovered new exit (range 9) 308 | -10/Materials | Build established: Mutant 325 | -10/Materials | Discovered new exit (range 13) 428 | -10/Materials | Discovered new exit (range 16) 491 | -10/Materials | Discovered new exit (range 15) 532 | -10/Materials | Entered Mines 535 | -10/Mines | Discovered new exit (range 9) 542 | -10/Mines | Met a Derelict bent on vengeance 566 | -10/Mines | Discovered new exit (range 4) 607 | -10/Mines | Learned location of Zion (-6) 620 | -10/Mines | Received a Mining Laser from a helpful Derelict 630 | -10/Mines | Found a hidden stash of uninstalled traps 687 | -10/Mines | Joined a pair of Derelicts in attacking an 0b10 outpost 774 | -10/Mines | Identified exit to Exiles 816 | -10/Mines | Deemed a non-threat by the Exiles lab entrance 852 | -10/Mines | Entered Exiles 852 | -10/Exiles | Accompanied by 1 ally 864 | -10/Exiles | Discovered new exit (range 15) 867 | -10/Exiles | Build established: Scavenger-Mutant 871 | -10/Exiles | Met 8R-AWN 892 | -10/Exiles | Met EX-HEX 917 | -10/Exiles | Met EX-DEC 931 | -10/Exiles | Visited The Gauntlet 1019 | -10/Exiles | Met EX-BIN 1028 | -10/Exiles | Aligned with FarCom system 1029 | -10/Exiles | Given EX-Vault access code 1051 | -10/Exiles | Opened EX-Vault 1054 | -10/Exiles | Found Prototype Processor 1057 | -10/Exiles | Identified 0b10 Alert Chip 1067 | -10/Exiles | Warned to stay clear of 0b10 Research branches 1102 | -10/Exiles | Discovered new exit (range 14) 1110 | -10/Exiles | Left Exiles lab with 0b10 Alert Chip 1110 | -10/Exiles | Entered Mines 1118 | -9/Mines | Assisted by bots powering up and referring to "LRC-V3" 1131 | -9/Mines | Found a damaged Exp. Sensor Array with a note attached 1132 | -9/Mines | Found Prototype Device 1190 | -9/Mines | Received a Rocket Launcher from a helpful Derelict 1191 | -9/Mines | Assembled infested the area 1196 | -9/Mines | Assisted by a Guerilla fighting off Assembled 1231 | -9/Mines | Core integrity fell below 50% 1236 | -9/Mines | Discovered new exit (range 9) 1243 | -9/Mines | Entered Materials 1243 | -8/Materials | Evolved 4 slots: Power x1, Utility x3 1263 | -8/Materials | Lost 7 parts (2p2n1u2w) 1505 | -8/Materials | Build established: Scout 1773 | -8/Materials | Discovered new exit (range 10) 1862 | -8/Materials | Repaired Cmb. Airjet 1905 | -8/Materials | Repaired Lgt. Deuterium Engine 2023 | -8/Materials | Repaired Cmb. Airjet 2044 | -8/Materials | Build established: Mutant 2080 | -8/Materials | Discovered new exit (range 11) 2571 | -8/Materials | Identified exit to Garrison 2571 | -8/Materials | Entered Garrison 2739 | -8/Garrison | Discovered new exit (range 10) 2762 | -8/Garrison | Garrison Relay disabled 2768 | -8/Garrison | Triggered checkpoint 3062 | -8/Garrison | Triggered checkpoint 3094 | -8/Garrison | Triggered checkpoint 3170 | -8/Garrison | Discovered new exit (range 15) 3376 | -8/Garrison | Triggered checkpoint 3420 | -8/Garrison | Discovered new exit (range 10) 3440 | -8/Garrison | Triggered checkpoint 3481 | -8/Garrison | Lost 3 parts (1p2w) 3534 | -8/Garrison | Triggered checkpoint 3565 | -8/Garrison | Installed Relay Interface Framework 3596 | -8/Garrison | Garrison Relay disabled 3700 | -8/Garrison | Entered Materials 3700 | -8/Materials | Accompanied by 2 allies 3735 | -8/Materials | Build established: Scavenger-Mutant 3830 | -8/Materials | Repaired Particle Gun 3923 | -8/Materials | Discovered new exit (range 11) 3934 | -8/Materials | Entered Factory 3934 | -7/Factory | Evolved 2 slots: Utility x2 3934 | -7/Factory | Identified Exp. Sensor Array 4225 | -7/Factory | Repaired Gravmag System 4263 | -7/Factory | Repaired Broken Lgt. Ion Engine 4316 | -7/Factory | Identified exit to Garrison 4316 | -7/Factory | Entered Garrison 4394 | -7/Garrison | Triggered checkpoint 4406 | -7/Garrison | Garrison Relay disabled 4533 | -7/Garrison | Triggered checkpoint 4534 | -7/Garrison | Triggered checkpoint 4563 | -7/Garrison | Discovered new exit (range 8) 4565 | -7/Garrison | Entered Factory 4565 | -6/Factory | Evolved 2 slots: Utility x2 4566 | -6/Factory | Identified exit to DSF 4595 | -6/Factory | Lost 5 parts (1p1n2u1w) 4863 | -6/Factory | Lost 5 parts (4u1w) 4893 | -6/Factory | System corruption reached 10% 4897 | -6/Factory | Core integrity fell below 50% 4917 | -6/Factory | Discovered new exit (range 16) 4929 | -6/Factory | Entered another Factory area 4929 | -5/Factory | Evolved 2 slots: Propulsion x1, Weapon x1 4949 | -5/Factory | Lost 5 parts (1n2u2w) 4991 | -5/Factory | Fabricated Remote Datajack? 5099 | -5/Factory | Build established: Mutant 5271 | -5/Factory | Discovered new exit (range 11) 5784 | -5/Factory | Garrison activated, responded to threat 5809 | -5/Factory | Discovered new exit (range 11) 5865 | -5/Factory | Spotted B-75 Beast 5978 | -5/Factory | Hacking Suite fried by hacking feedback 6020 | -5/Factory | Lost 5 parts (2n3u) 6037 | -5/Factory | Core integrity fell below 50% 6070 | -5/Factory | Fabricated Cld. Cesium-ion Thruster? 6077 | -5/Factory | Fabricated Cld. Cesium-ion Thruster? 6129 | -5/Factory | Search patrols dispatched 6150 | -5/Factory | System corruption reached 10% 6169 | -5/Factory | Core integrity fell below 20% 6199 | -5/Factory | Lost 3 parts (1u2w) 6265 | -5/Factory | Destroyed by P-70 Sage with Tesla Rifle Last Messages --------------- 06175_ ALERT: Hostiles spotted, dispatching reinforcements to Terminal F010. 06175_ K-01 Serf collects debris. 06176_ U-05 Engineer lays Concrete. 06177_ K-01 Serf collects debris. 06177_ U-05 Engineer lays Concrete. 06178_ U-05 Engineer builds a Wall. 06181_ K-01 Serf collects debris. 06193_ Acquired Recalibrator. The Recalibrator is an example of a part that consumes a large amount of energy each turn, consider turning it off when not vital. 06195_ Acquired Imp. Thermal Generator. 06204_ System corrupted: Matter fused (-5). 06206_ Dropped Imp. Thermal Generator. 06210_ Acquired Recalibrator. 06226_ System corrupted: Heat flow error (+211). Your per-turn energy upkeep is currently significantly in the negative, which may be okay for now but be prepared to manage it more closely. 06233_ Gyrokinetic Inverter functionality restored. 06265_ System corrupted: Substantial component data lost. [Achievement: 5k Club] Map ----- +----------------------------------------------------+ | ????????????????????????????????????????????????? | | ????????????????????????????????????????????????? | | ????????????????????????????????????????????????? | | ????????????????????????????????????????????????? | | ????????????????????????????????????????????????? | | ????????????????????????????????????????????????? | | ????????????????????????????????????????????????? | | ????????????????????????????????????????????????? | | ????????????????????????????????????????????????? | | ????????????????????????????????????????????????? | | ????????????????????????????????????????????????? | | ?????????# ???????????????????????????????????? | | ?????????# ###+###########????w?????????????? | | ?????????# ##############?????? | | ?????????+ h # #?????? | | ?????????# h # #?????? | | ?????????# """ """ """ # #?????? | | ????????????? """ """ """ # #?????? | | ??????????"" """ """ """ # ! #?????? | | ??????????"" # #????## | | ??????????"T """ """ """ # #????# | | ??????????"" """ """ """ + ###### | | ??????????"" """ """ """ # + | | ?????????# # ###### | | ???????? # #????# | | ???????????###+#########@ # #????## | | ???????????????????????# ##############?????# | | ???????????????????????# #??????????????????# | | ???????????????????????# #??????????????????# | | ???????????????????????# #?????????????????## | | ??????????????########## #?????????????????# | | ??????????????# # #?????????????????# | | ??????????????# """ # #?????????????????+ | | ??????????????# Y" # #?????????????????# | | ??????????????# """ # #?????????????????# | | ??????????????#! + +?????????????????## | | ??????????????#! """ # #??????????????????? | | ??????????????# """ # #??????????????????? | | ??????????????# """ #t #?#########????????? | | ??????????????# [ # #? #????????? | | ??????????????########## pp # #????????? | | ??????????????# # # #????????? | | ??????????????# "T + + """ ""???????????? | | ??????????????# # # """ ""???????????? | | ??????????????# # # """ ""???????????? | | ??????????????# # #? ??????? ??? | | ??????????????# """ # #? ???????""??? | | ??????????????# """ # #########????? "" ?? | | ??????????????# """ # ##"""""#####? """ ? | | ??????????????# ! # " #? """ | +----------------------------------------------------+ Best States ------------- Heat Dissipation 40 Energy Generation 23 Energy Capacity 315 Matter Stores 300 Matter Capacity 300 Sight Range 22 Robot Scan Range 20 Terrain Scan Range 20 Terrain Scan Density 10 Cloak Strength 2 Additional Mass Support 6 Base Temperature (-) 100 Armor Coverage 225 Resistance: KI 20 Core Shielding 20 Utility Shielding 33 Evasion (%) 64 Targeting Accuracy 16 Target Analysis 5 Core Analysis 9 Armor Integrity Analysis 30 Recoil Reduction 3 Particle Charging 15 Offensive Hacking 10 Defensive Hacking 12 Relay Coupler Types 2 Relay Coupler Value 71 Item Schematics ----------------- Prc. Beam Rifle | -8/Materials | Scanalyzed Datajack | -8/Materials | Hacked Remote Datajack | -8/Materials | Scanalyzed Cld. Cesium-ion Thruster | -6/Factory | Scanalyzed Exp. Sensor Array | -6/Factory | Scanalyzed Centrium Wheel | -5/Factory | Hacked Imp. System Shield | -5/Factory | Scanalyzed Hacking Suite | -5/Factory | Scanalyzed Robot Schematics ------------------ None Fabricated ------------ Remote Datajack | x1 | -5/Factory Cld. Cesium-ion Thruster | x1 | -5/Factory Cld. Cesium-ion Thruster | x1 | -5/Factory Alien Tech Used ----------------- None Achievements -------------- 5k Club A New Friend Assimilation Complete Factory Defaults I Spy I Survived The Infestation Just What I Needed Librarian Made in Tau Ceti IV One Hack Too Far Party Time Power Corrupts Prolific Hacker Serviceable Loadout Slippery One System Compromised Troublemaker Challenges ------------ None Game ------ Seed HybridPoweredThruster Manual? 0 Play Time 03:15:37 Cumulative 8.1 hours Start 2023.12.08 @ 19:41:02 End 2023.12.09 @ 19:00:31 Sessions 3 Manual Loads 0 Difficulty Rogue Special Mode None Game No. 2 Rogue 2 Adventurer 0 Explorer 0 Win Type - Total 0 Types 0/0/0/0/0/0/0/0/0 Lore% 14 Gallery% 9 Achievement% 12 Wizard Run 0 Options --------- ASCII 0 Keyboard 1 Movement Arrows Keybinds 0 Fullscreen 1 Font 12/Proggy Map View 83x54 Tactical HUD 1 Map Filters NONE Filters NONE Steam 0 RUN: 3302aac1-c7ee-4dd7-8adc-8ed15f6bad79